 Dungeon Crawl Stone Soup version 0.29.1-15-g9cfb28693d (webtiles) character file.

Game seed: 10372981758928315002

9973 Kranky the Thaumaturge (level 11, -4/54 (84) HPs)
             Began as a Gnoll Wanderer on Apr 25, 2023.
             Was a High Priest of Okawaru.
             Slain by a vampire (6 damage)
             ... on level 11 of the Dungeon.
             The game lasted 00:31:58 (13603 turns).

Kranky the Thaumaturge (Gnoll Wanderer)            Turns: 13603, Time: 00:31:58

HP:   -4/54 (84)    AC: 22    Str: 17    XL:     11   Next: 54%
MP:   23/23         EV: 12    Int: 10    God:    Okawaru [*****.]
Gold: 322           SH:  0    Dex: 12    Spells: 26/26 levels left

rFire   + . .      SeeInvis .   D - +2 scimitar
rCold   + . .      Faith    .   (no shield)
rNeg    . . .      Spirit   .   L - +3 scale mail {rF+}
rPois   .          Reflect  .   m - +0 helmet
rElec   .          Harm     .   e - +1 cloak
rCorr   .          Rampage  .   T - +1 pair of gloves
Will    .....                   x - +0 pair of boots
Stlth   ++........              (no amulet)
HPRegen 0.18/turn               E - ring of protection from cold
MPRegen 0.18/turn               S - +4 ring of protection

@: very heavily drained
A: fangs 1, strong nose, distributed training
a: Renounce Religion, Heroism, Finesse, Duel


You were on level 11 of the Dungeon.
You worshipped Okawaru.
Okawaru was extremely pleased with you.
You visited 3 branches of the dungeon, and saw 13 of its levels.
You also visited: Ossuary.

You collected 568 gold pieces.
You spent 246 gold pieces at shops.

Inventory:

Hand Weapons
 a - a +0 spear of venom
 o - the +14 obsidian axe {vorpal, Mesm Drain Fly SInv}
   (You took it off a goblin on level 2 of the Dungeon)

   It inflicts extra damage upon your enemies.
   It occasionally summons demons to assist the wielder when it strikes in
   combat.
   Its wielder is mesmerised by any visible foes.
   It cannot be unequipped while any foes are visible.
   SInv:      It lets you see invisible.
   Fly:       It grants you flight.
   Drain:     It drains your maximum health when unequipped.
 D - a +2 scimitar (weapon)
 M - the +7 sling of Equivalence {venom, rN+}
   (You bought it in a shop on level 5 of the Dungeon)

   Any ammunition fired from it poisons the flesh of those it strikes.
   rN:        It protects you from negative energy.
Missiles
 q - a javelin
 I - 18 poisoned darts (quivered)
 J - 4 curare-tipped darts
 K - 6 silver javelins
Armour
 e - a +1 cloak (worn)
 m - a +0 helmet (worn)
 x - a +0 pair of boots (worn)
 L - a +3 scale mail of fire resistance (worn)
 T - a +1 pair of gloves (worn)
Jewellery
 p - a ring of wizardry
 v - a ring of flight
 E - a ring of protection from cold (left hand)
 S - a +4 ring of protection (right hand)
Wands
 b - a wand of roots (14)
 F - a wand of quicksilver (6)
 Q - a wand of paralysis (14)
Scrolls
 f - 2 scrolls of magic mapping
 i - 3 scrolls of teleportation
 r - a scroll of enchant weapon {unknown}
 u - 2 scrolls of identify
 w - a scroll of enchant armour
 y - 2 scrolls of fear
 N - a scroll of poison
Potions
 c - 4 potions of curing
 d - 2 potions of heal wounds
 g - 5 potions of flight
 h - a potion of resistance {unknown}
 j - 7 potions of brilliance
 k - a potion of invisibility {unknown}
 l - 3 potions of lignification
 n - 2 potions of might
 s - 2 potions of cancellation
 t - 3 potions of berserk rage {unknown}
 C - 4 potions of haste


   Skills:
 + Level 7.2 Fighting
 + Level 6.6 Short Blades
 + Level 6.6 Long Blades
 + Level 6.6 Axes
 + Level 6.6 Maces & Flails
 + Level 7.2 Polearms
 + Level 6.6 Staves
 + Level 6.6 Ranged Weapons
 + Level 6.6 Throwing
 + Level 8.1 Armour
 + Level 7.2 Dodging
 + Level 7.9 Stealth
 + Level 6.6 Shields
 + Level 6.6 Unarmed Combat
 + Level 8.4 Spellcasting
 + Level 5.5 Conjurations
 + Level 5.5 Hexes
 + Level 5.5 Summonings
 + Level 5.5 Necromancy
 + Level 5.5 Translocations
 + Level 5.5 Transmutations
 + Level 5.5 Fire Magic
 + Level 5.5 Ice Magic
 + Level 5.5 Air Magic
 + Level 5.5 Earth Magic
 + Level 5.5 Poison Magic
 + Level 7.3 Invocations
 + Level 7.2 Evocations


You had 26 spell levels left.
You didn't know any spells.
Your spell library contained the following spells:

 Spells                   Type           Power      Damage    Failure   Level
 Beastly Appendage        Tmut           30%        N/A       4%          1
 Freeze                   Ice            60%        1d8       4%          1
 Magic Dart               Conj           60%        1d6       4%          1
 Necrotise                Necr           60%        1d7       4%          1
 Poisonous Vapours        Pois/Air       30%        N/A       8%          2
 Searing Ray              Conj           30%        2d5       8%          2
 Wereblood                Tmut           15%        N/A       8%          2
 Dazzling Flash           Conj/Hex       30%        N/A       14%         3
 Frozen Ramparts          Ice            30%        1d5       14%         3
 Portal Projectile        Hex/Tloc       30%        N/A       14%         3
 Spider Form              Tmut/Pois      15%        N/A       14%         3
 Vampiric Draining        Necr           15%        2d7       14%         3
 Corpse Rot               Necr/Pois/Air  15%        N/A       43%         4
 Fulminant Prism          Conj/Hex       7%         3d7       43%         4
 Hailstorm                Conj/Ice       15%        3d5       43%         4
 Iskenderun's Mystic Bla  Conj/Tloc      15%        2d5       43%         4
 Leda's Liquefaction      Hex/Erth       7%         N/A       43%         4
 Agony                    Necr           15%        N/A       80%         5
 Borgnjor's Vile Clutch   Necr/Erth      7%         N/A       80%         5
 Starburst                Conj/Fire      7%         6d4       100%        6
 Call Canine Familiar     Summ           Unusable   N/A       N/A         3
 Animate Dead             Necr           Unusable   N/A       N/A         4
 Death Channel            Necr           Unusable   N/A       N/A         6

Dungeon Overview and Level Annotations

Branches:
Dungeon (11/15)            Temple (1/1) D:6            Lair (1/5) D:8
    Orc (0/2) D:9         Ossuary (visited)

Altars:
Cheibriados
Fedhas
Makhleb
Okawaru
Trog
Xom
Zin
The Shining One

Shops:
D:5 (((   D:7 *[:(*


Innate Abilities, Weirdness & Mutations

You have very sharp teeth.
Your uncanny sense of smell can sniff out nearby items.
Your experience applies equally to all skills.


Message History

Something bites you but does no damage.
Okay, then.
Okay, then.
You feel much better. Something hits you but does no damage.
Something bites you.
Something draws strength from your injuries!
Something hits you. Something bites you but does no damage.
You feel less confused. Something hits you but does no damage.
Something bites you but does no damage.
You closely miss something. Something hits you. Something bites you.
Something draws strength from your injuries!
Something completely misses you. Something bites you.
* * * LOW HITPOINT WARNING * * *
Something draws strength from your injuries!
You closely miss something. Your punch misses something.
Your bite misses something. Something hits you but does no damage.
Something bites you but does no damage.
You closely miss something. Something barely misses you.
Something bites you but does no damage.
You hit something but do no damage. Something hits you but does no damage.
Something bites you but does no damage.
You barely miss something. Your bite misses something.
Something hits you but does no damage. Something barely misses you.
You hit something but do no damage. Something hits you but does no damage.
Something bites you.
* * * LOW HITPOINT WARNING * * *
Something draws strength from your injuries!
You hit something but do no damage.
You hear some strange, mumbled words.
Something tries to affect you, but you resist.
You closely miss something. Something hits you but does no damage.
Something bites you.
* * * LOW HITPOINT WARNING * * *
Something draws strength from your injuries!
You miss something. Something hits you!
* * * LOW HITPOINT WARNING * * *
Something bites you but does no damage.
You slash something! You punch something.
Something hits you but does no damage. Something bites you.
You die...

....... .......#
.......+ .......#
.......# .......####
##+### #.....?.# .....#
#.......# .<...#
#@......# .....#
#{......# .....#
#.......# .....#
#.......# .....#
#.......#
....############.......#
###+#..............#+###
....#.......[......#
....#..............#


There were no monsters in sight!

Vanquished Creatures
  Erica (D:8)
  A two-headed ogre (D:9)
  Pikel (D:4)
  2 deep elf pyromancers (D:8)
  Maggie (D:7)
  A kobold demonologist (D:10)
  11 yaks
  3 wyverns
  A basilisk (Lair:1)
  2 steam dragons
  4 wargs
  2 acid dragons (D:10)
  Duvessa (D:5)
  4 water moccasins
  3 orc warriors
  A sky beast (D:8)
  4 centaurs
  A phantom (D:7)
  Blork the orc (D:4)
  A kobold brigand (D:7)
  A necrophage (D:3)
  3 bullfrogs
  A gnoll sergeant (D:8)
  A scorpion (D:5)
  6 wights
  A water moccasin zombie (Ossuary)
  Dowan (D:5)
  4 killer bees (D:10)
  2 howler monkeys
  5 hounds
  13 orc priests
  2 centaur zombies (Ossuary)
  Natasha (twice) (D:2)
  4 iguanas
  14 orc wizards
  2 hell rats
  4 gnolls (D:8)
  7 adders
  A shadow imp (D:6)
  4 adder zombies (Ossuary)
  2 worms
  A dart slug (D:5)
  28 orcs
  5 ball pythons
  4 bats
  5 endoplasms
  5 giant cockroaches
  5 goblins
  9 hobgoblins
  8 quokkas
  4 frilled lizards
  5 gnoll zombies (Ossuary)
  9 kobolds
  2 orc zombies (Ossuary)
  2 rats
218 creatures vanquished.

Vanquished Creatures (collateral kills)
  A centaur zombie (Ossuary)
  Natasha (D:2)
  A scorpion zombie (Ossuary)
  An adder zombie (Ossuary)
  A gnoll zombie (Ossuary)
  A goblin zombie (Ossuary)
  A hobgoblin zombie (Ossuary)
  2 orc zombies (Ossuary)
  A rat (D:2)
10 creatures vanquished.

Vanquished Creatures (others)
  2 orc wizards
  An orc (D:8)
  2 plants (D:8)
  4 toadstools (D:1)
9 creatures vanquished.

Grand Total: 237 creatures vanquished

Notes
Turn   | Place    | Note
-------+----------+-------------------------------------------
     0 | D:1      | Kranky the Gnoll Wanderer began the quest for the Orb.
     0 | D:1      | Kranky set off with the following items: a +0 spear, a +2
                  | scale mail, a potion of curing, a potion of heal wounds.
     0 | D:1      | Reached XP level 1. HP: 17/17 MP: 6/6
   171 | D:1      | Reached XP level 2. HP: 23/23 MP: 7/7
   540 | D:1      | Reached skill level 5 in Spellcasting
   540 | D:1      | Reached XP level 3. HP: 20/28 MP: 7/9
   977 | D:2      | Reached skill level 1 in Invocations
  1093 | D:2      | Reached skill level 1 in Short Blades
  1093 | D:2      | Reached skill level 1 in Long Blades
  1093 | D:2      | Reached skill level 1 in Axes
  1093 | D:2      | Reached skill level 1 in Maces & Flails
  1093 | D:2      | Reached skill level 1 in Staves
  1093 | D:2      | Reached skill level 1 in Ranged Weapons
  1093 | D:2      | Reached skill level 1 in Throwing
  1093 | D:2      | Reached skill level 1 in Shields
  1093 | D:2      | Reached skill level 1 in Unarmed Combat
  1140 | D:2      | Noticed Natasha
  1141 | D:2      | Found a faded altar of an unknown god.
  1144 | D:2      | Killed Natasha
  1145 | D:2      | Reached XP level 4. HP: 31/34 MP: 11/11
  1146 | D:2      | Reached skill level 1 in Conjurations
  1146 | D:2      | Reached skill level 1 in Hexes
  1146 | D:2      | Reached skill level 1 in Summonings
  1146 | D:2      | Reached skill level 1 in Necromancy
  1146 | D:2      | Reached skill level 1 in Translocations
  1146 | D:2      | Reached skill level 1 in Transmutations
  1146 | D:2      | Reached skill level 1 in Fire Magic
  1146 | D:2      | Reached skill level 1 in Ice Magic
  1146 | D:2      | Reached skill level 1 in Air Magic
  1146 | D:2      | Reached skill level 1 in Earth Magic
  1146 | D:2      | Reached skill level 1 in Poison Magic
  1362 | D:2      | Noticed Natasha
  1365 | D:2      | Killed Natasha
  1366 | D:2      | Reached XP level 5. HP: 40/40 MP: 12/12
  1449 | D:2      | Noticed a neqoxec
  1598 | D:2      | Noticed Natasha
  1602 | D:2      | Killed Natasha
  1873 | D:2      | Found a faded altar of an unknown god.
  2490 | D:2      | Found a faded altar of an unknown god.
  2881 | D:2      | Found a faded altar of an unknown god.
  3432 | D:3      | Reached XP level 6. HP: 37/47 MP: 13/13
  3800 | D:3      | Reached skill level 5 in Armour
  4295 | D:4      | Noticed Pikel
  4300 | D:4      | Killed Pikel
  4301 | D:4      | Reached skill level 5 in Stealth
  4301 | D:4      | Reached XP level 7. HP: 32/53 MP: 15/15
  4433 | D:4      | Found a sand-covered staircase.
  4443 | Ossuary  | Entered an ossuary
  4607 | Ossuary  | Reached XP level 8. HP: 60/60 MP: 16/16
  4626 | Ossuary  | Noticed a silent spectre
  5105 | D:4      | Noticed Blork the orc
  5113 | D:4      | Killed Blork the orc
  5479 | D:5      | Entered Level 5 of the Dungeon
  5479 | D:5      | Found Muollycsa's Weapon Boutique.
  5482 | D:5      | Found Conok's Antique Weapon Shoppe.
  5615 | D:5      | Found Jisoth's Antique Weapon Shoppe.
  5617 | D:5      | Noticed Dowan
  5618 | D:5      | Noticed Duvessa
  5622 | D:5      | Killed Dowan
  5630 | D:5      | Killed Duvessa
  5853 | D:5      | Bought a twisted sling for 136 gold pieces
  5853 | D:5      | Identified the +7 sling of Equivalence {venom, rN+} (You
                  | bought it in a shop on level 5 of the Dungeon)
  5893 | D:5      | Found a glowing silver altar of Zin.
  7089 | D:6      | Reached XP level 9. HP: 41/67 MP: 18/18
  7270 | D:6      | Found a staircase to the Ecumenical Temple.
  7288 | Temple   | Entered the Ecumenical Temple
  7296 | Temple   | Became a worshipper of Warmaster Okawaru
  7840 | D:6      | Reached skill level 5 in Fighting
  7840 | D:6      | Reached skill level 5 in Polearms
  7840 | D:6      | Reached skill level 5 in Dodging
  7840 | D:6      | Reached skill level 5 in Evocations
  8623 | D:7      | Reached * piety under Okawaru
  8624 | D:7      | Reached skill level 5 in Invocations
  8641 | D:7      | Found Eshum's General Store.
  8655 | D:7      | Bought 2 potions of might for 88 gold pieces
  8655 | D:7      | Bought a scroll of identify for 22 gold pieces
  8695 | D:7      | Found Buwyirew's Weapon Shop.
  8716 | D:7      | Noticed Maggie
  8728 | D:7      | Killed Maggie
  8786 | D:7      | Found the +10 Black Knight's barding {ponderous, rPois rN+}
  8846 | D:7      | Found Gaidenga's General Store.
  8986 | D:7      | Found Agizos's Antique Armour Emporium.
  9019 | D:7      | Found Nippietu's Book Shoppe.
  9042 | D:8      | Noticed Erica
  9049 | D:8      | Reached skill level 5 in Short Blades
  9049 | D:8      | Reached skill level 5 in Long Blades
  9049 | D:8      | Reached skill level 5 in Axes
  9049 | D:8      | Reached skill level 5 in Maces & Flails
  9049 | D:8      | Reached skill level 5 in Staves
  9049 | D:8      | Reached skill level 5 in Ranged Weapons
  9049 | D:8      | Reached skill level 5 in Throwing
  9049 | D:8      | Reached skill level 5 in Shields
  9049 | D:8      | Reached skill level 5 in Unarmed Combat
  9049 | D:8      | Reached XP level 10. HP: 61/76 MP: 20/20
  9054 | D:8      | Reached ** piety under Okawaru
  9058 | D:8      | Killed Erica
  9309 | D:8      | Noticed a deep elf pyromancer
  9326 | D:8      | Killed a deep elf pyromancer
  9510 | D:8      | Paralysed by a gnoll for 5 turns
  9516 | D:8      | Reached *** piety under Okawaru
  9518 | D:8      | Paralysed by a gnoll for 3 turns
  9685 | D:8      | Noticed a deep elf pyromancer
  9690 | D:8      | Killed a deep elf pyromancer
 10063 | D:8      | Found a staircase to the Lair.
 10395 | D:9      | Reached **** piety under Okawaru
 10405 | D:9      | Reached skill level 5 in Conjurations
 10405 | D:9      | Reached skill level 5 in Hexes
 10405 | D:9      | Reached skill level 5 in Summonings
 10405 | D:9      | Reached skill level 5 in Necromancy
 10405 | D:9      | Reached skill level 5 in Translocations
 10405 | D:9      | Reached skill level 5 in Transmutations
 10405 | D:9      | Reached skill level 5 in Fire Magic
 10405 | D:9      | Reached skill level 5 in Ice Magic
 10405 | D:9      | Reached skill level 5 in Air Magic
 10405 | D:9      | Reached skill level 5 in Earth Magic
 10405 | D:9      | Reached skill level 5 in Poison Magic
 10405 | D:9      | Reached XP level 11. HP: 27/83 MP: 22/22
 10474 | D:9      | Found a staircase to the Orcish Mines.
 10848 | D:9      | Received a gift from Okawaru
 11242 | D:9      | Found a blossoming altar of Fedhas.
 11242 | D:9      | Found a faded altar of an unknown god.
 11250 | D:9      | Found a snail-covered altar of Cheibriados.
 11252 | D:9      | Found a bloodstained altar of Trog.
 11254 | D:9      | Found a burning altar of Makhleb.
 11303 | D:9      | Noticed a two-headed ogre
 11308 | D:9      | Killed a two-headed ogre
 11654 | D:10     | Entered Level 10 of the Dungeon
 11892 | D:10     | Reached ***** piety under Okawaru
 12397 | Lair:1   | Entered Level 1 of the Lair of Beasts
 12669 | Lair:1   | Noticed a death yak
 12669 | Lair:1   | Noticed a death yak
 12690 | Lair:1   | Received a gift from Okawaru
 13602 | D:11     | HP: 1/54 [something (7)]
 13603 | D:11     | Slain by a vampire

Illustrated notes

Levels and vault maps discovered:
D:1:      ldierk_walled_garden_2, layout_loops_ring, minmay_misc_feat_encased,
          minmay_tall_x
D:2:      layout_basic, hellmonk_ecumenical_altar_arch_garden, st_stairs_5,
          minmay_bisected, uniq_natasha
D:3:      layout_basic, minmay_crystal_room
D:4:      layout_basic, lightli_ossuary_entry_decrepit_ruins,
          minmay_fountain_box, uniq_blork_the_orc, uniq_pikel
D:5:      cheibrodos_iron_armory, layout_cave_pools,
          mainiacjoe_overflow_cross_hatched, serial_co_window_serial,
          co_window_paths_a, co_window_of_opportunity_a,
          co_window_of_opportunity_a, co_window_cross_1, co_window_paths_a,
          co_window_paths_a, co_window_cross_1, co_window_broadway_a,
          co_window_broadway_c, co_window_of_opportunity_b,
          co_window_unsneaky_path_b, co_window_of_opportunity_b,
          co_window_broadway_a, co_window_corner_b, glass_columns_c,
          glass_columns_a, glass_columns_a, glass_columns_a, glass_columns_a,
          serial_shops, nicolae_shop_advertising_works
          [nicolae_subvault_shop_adworks], nicolae_shop_stone, shop,
          uniq_duvessa
D:6:      layout_basic, minmay_temple_entry_stoned_glass, bh_walls_and_bars
D:7:      layout_rooms, serial_shops, shop, nicolae_shop_crystal, shop,
          kennysheep_mini_moat, nicolae_shop_window_shopping, uniq_maggie
D:8:      layout_cave_pools, erik_lair_orcish_takeover, uniq_erica
D:9:      layout_loops_ring, chequers_temple_overflow_minitemple, erik_orc_4,
          minmay_misc_feat_five
D:10:     layout_loops_ring
D:11:     layout_gridville
Temple:   nicolae_temple_bog_church
Lair:1:   layout_chaotic_city

Skill      XL: |  1  2  3  4  5  6  7  8  9 10 11 |
---------------+----------------------------------+-----
Spellcasting   | 5 6 7 8 |  8.4
Invocations    | 1 2 3 4 5 6 7 |  7.3
Short Blades   | 1 2 3 4 5 6 |  6.6
Long Blades    | 1 2 3 4 5 6 |  6.6
Axes           | 1 2 3 4 5 6 |  6.6
Maces & Flails | 1 2 3 4 5 6 |  6.6
Staves         | 1 2 3 4 5 6 |  6.6
Ranged Weapons | 1 2 3 4 5 6 |  6.6
Throwing       | 1 2 3 4 5 6 |  6.6
Shields        | 1 2 3 4 5 6 |  6.6
Unarmed Combat | 1 2 3 4 5 6 |  6.6
Conjurations   | 1 2 3 4 5 |  5.5
Hexes          | 1 2 3 4 5 |  5.5
Summonings     | 1 2 3 4 5 |  5.5
Necromancy     | 1 2 3 4 5 |  5.5
Translocations | 1 2 3 4 5 |  5.5
Transmutations | 1 2 3 4 5 |  5.5
Fire Magic     | 1 2 3 4 5 |  5.5
Ice Magic      | 1 2 3 4 5 |  5.5
Air Magic      | 1 2 3 4 5 |  5.5
Earth Magic    | 1 2 3 4 5 |  5.5
Poison Magic   | 1 2 3 4 5 |  5.5
Fighting       | 3 4 5 6 7 |  7.2
Polearms       | 3 4 5 6 7 |  7.2
Dodging        | 3 4 5 6 7 |  7.2
Evocations     | 3 4 5 6 7 |  7.2
Armour         | 5 6 7 8 |  8.1
Stealth        | 5 6 7 |  7.9

Action                   |  1- 3 |  4- 6 |  7- 9 | 10-12 || total
-------------------------+-------+-------+-------+-------++-------
Melee: Spear             |   109 |       |       |       ||   109
       Bite              |     7 |     2 |    11 |    14 ||    34
       Broad axe         |    13 |    49 |   145 |   154 ||   361
       Punch             |     1 |     1 |     3 |     8 ||    13
       Scimitar          |       |       |       |    31 ||    31
 Fire: Sling             |       |       |       |    16 ||    16
Evoke: Wand              |       |       |       |     1 ||     1
  Use: Scroll            |       |     7 |    16 |       ||    23
       Potion            |       |       |     1 |     5 ||     6
 Stab: Sleeping          |     2 |     1 |     7 |     2 ||    12
       Confused          |       |       |     1 |       ||     1
       Paralysed         |       |       |       |     1 ||     1
Armor: Scale mail        |    57 |    22 |    80 |   172 ||   331
Dodge: Dodged            |    53 |    26 |    97 |   149 ||   325
